 Dungeon Crawl Stone Soup version 0.26.1-11-gd32895ea62 (webtiles) character file.

Game seed: 8336815075927076705

676 ubername the Magician (level 7, -5/43 (47) HPs)
             Began as a Barachi Hedge Wizard on June 18, 2021.
             Was a Follower of Sif Muna.
             Slain by a wight
             ... wielding a +1 halberd of freezing
              (9 damage)
             ... on level 8 of the Dungeon.
             The game lasted 00:25:15 (6831 turns).

ubername the Magician (Barachi Hedge Wizard)        Turns: 6831, Time: 00:25:17

HP:   -5/43 (47)    AC:  4    Str: 11    XL:     7   Next: 60%
MP:   14/15         EV: 13    Int: 16    God:    Sif Muna [*.....]
Gold: 287           SH:  0    Dex: 12    Spells: 14/17 levels left

rFire    . . .     SeeInvis .   b - +4 dagger
rCold    . . .     Faith    .   (no shield)
rNeg     . . .     Spirit   .   e - +0 robe
rPois    .         Reflect  .   c - +0 hat
rElec    .         Harm     .   (no cloak)
rCorr    .         Rampage  .   h - +0 pair of gloves
Will     .....                  l - +0 pair of boots
Stlth    ++........             (no amulet)
HPRegen  0.14/turn              (no ring)
MPRegen  0.14/turn              (no ring)

@: drained, slow
A: +LOS, swims, slowness 1, strong legs 1
a: Hop, Renounce Religion, Channel Magic


You were on level 8 of the Dungeon.
You worshipped Sif Muna.
Sif Muna was aware of your devotion.
You visited 1 branch of the dungeon, and saw 7 of its levels.

You collected 287 gold pieces.

Inventory:

Hand Weapons
 a - a +2 dagger of venom
 b - a +4 dagger (weapon)
 k - a +0 hunting sling
 q - a +1 great sword
Missiles
 f - 13 poisoned darts
 g - 48 stones
 m - 3 silver boomerangs
 o - a boomerang (quivered)
 p - 50 sling bullets
 w - a javelin
Armour
 c - a +0 hat (worn)
 e - a +0 robe (worn)
 h - a +0 pair of gloves (worn)
 l - a +0 pair of boots (worn)
Jewellery
 i - an uncursed ring of wizardry {unknown}
 j - an uncursed ring of magical power {unknown}
Wands
 u - a wand of paralysis (4)
Scrolls
 n - 2 scrolls of amnesia
 r - 3 scrolls of identify
 s - 3 scrolls of remove curse {unknown}
 t - a scroll of enchant weapon {unknown}
 v - a scroll of noise {unknown}
Potions
 d - 2 potions of curing


   Skills:
 - Level 0.6 Fighting
 - Level 1.0(2.1) Short Blades
 * Level 3.2(3.3) Long Blades
 + Level 1.6 Throwing
 + Level 3.0 Dodging
 + Level 2.4 Stealth
 * Level 5.5 Spellcasting
 * Level 2.9 Conjurations
 + Level 2.7 Summonings
 + Level 1.1 Translocations
 * Level 2.3 Ice Magic
 * Level 1.9 Invocations


You had 14 spell levels left.
You knew the following spells:

 Your Spells              Type           Power        Failure   Level
a - Magic Dart            Conj           52%          4%          1
b - Call Imp              Summ           13%          7%          2

Your spell library contained the following spells:

 Spells                   Type           Power        Failure   Level
 Blink                    Tloc           N/A          14%         2
 Slow                     Hex            4%           22%         2
 Conjure Flame            Conj/Fire      9%           24%         3
 Mephitic Cloud           Conj/Pois/Air  7%           28%         3


Dungeon Overview and Level Annotations

Branches:
Dungeon (8/15)
 Temple: D:4-7         Lair: D:8-11

Altars:
Sif Muna
Xom
Zin

Shops:
D:4 [:


Innate Abilities, Weirdness & Mutations

You can be seen from farther away. (+LOS)
You can swim through water.
You cover ground slowly.
You can hop short distances.


Message History

You hit the wight.
The wight is severely damaged.
The wight hits you from afar with a +1 halberd of freezing!
* * * LOW HITPOINT WARNING * * *
You feel drained.
* * * LOW HITPOINT WARNING * * *
The wight freezes you.
* * * LOW HITPOINT WARNING * * *
The wight barely misses you.
You feel better. The wight barely misses you.
The wight hits you with a +0 spear.
* * * LOW HITPOINT WARNING * * *
Okay, then.
Aiming: Paralyse
Press: ? - help, Shift-Dir - straight line, f/p - wight
Aim: a wight, wielding a +0 spear and wearing a +0 robe (severely damaged, chance to affect: 46%)
The wight resists with some effort.
Your crimson imp blinks!
The wight hits you from afar with a +1 halberd of freezing!
You die...

.....# #.##.##.# #.......#
##.#.# #.##.##.# #.#####.#
##.#.##
#..[....###.#...#.# ##
......#
####.##...........####.
###...##
#...####............
##....#########.#
#.......####.
#.......#.......##
#.......# #z
##..#.#..#.##.#...#
##...#### #z
...##.##...##.#.@z####..##
#z
)..#...#......#..§z....##
#.
...##.##...#.#5..#####.#
#5 ##..###[.#.......#
#.'5..8.>.#.
#.......#..5##..#
###....z..##
#..)..###...##..#
#8z<.8###
#.....#.........####
#...##..
#..................#
#########
#######.........##.#
#........


You could see 2 wights and 2 friendly crimson imps.

Vanquished Creatures
  An ogre (D:8)
  A scorpion (D:5)
  A wight (D:8)
  A centaur zombie (D:8)
  A centaur skeleton (D:4)
  An iguana (D:8)
  Jessica (D:3)
  4 worker ants
  A gnoll (D:2)
  3 adders
  An ufetubus (D:8)
  2 oozes
  2 dart slugs (D:1)
  An adder simulacrum (D:8)
  3 leopard geckos
  5 orcs
  7 bats
  3 giant cockroaches
  8 goblins
  6 hobgoblins
  A jackal (D:2)
  A quokka (D:5)
  2 ball pythons (D:1)
  A ball python skeleton (D:4)
  3 frilled lizards
  9 kobolds
  A leopard gecko zombie (D:8)
  A quokka zombie (D:8)
  5 rats
77 creatures vanquished.

Vanquished Creatures (collateral kills)
  An ice beast (D:5)
  A sky beast (D:8)
  5 gnolls (D:2)
  2 adders (D:2)
  A shadow imp (D:8)
  A white imp (D:8)
  2 worms
  A dart slug (D:3)
  2 orcs (D:4)
  A giant cockroach (D:2)
  A hobgoblin (D:2)
  A jackal (D:2)
  A kobold (D:2)
  2 frilled lizards
  A quokka zombie (D:5)
23 creatures vanquished.

Vanquished Creatures (others)
  5 plants (D:8)
5 creatures vanquished.

Grand Total: 105 creatures vanquished

Notes
Turn   | Place    | Note
-------+----------+-------------------------------------------
     0 | D:1      | ubername the Barachi Hedge Wizard began the quest for the
                  | Orb.
     0 | D:1      | Reached XP level 1. HP: 13/13 MP: 4/4
   290 | D:1      | Reached XP level 2. HP: 19/19 MP: 4/6
   546 | D:1      | Reached skill level 1 in Short Blades
  1098 | D:1      | Reached XP level 3. HP: 21/25 MP: 4/8
  1206 | D:1      | Learned a level 2 spell: Call Imp
  1274 | D:2      | Found a shimmering altar of Xom.
  1308 | D:2      | Noticed an angel
  1313 | D:2      | Found a glowing silver altar of Zin.
  1327 | D:2      | Reached skill level 1 in Long Blades
  1993 | D:2      | Reached XP level 4. HP: 6/31 MP: 2/9
  2624 | D:2      | Reached skill level 4 in Spellcasting
  2909 | D:2      | Reached skill level 1 in Invocations
  3523 | D:3      | Reached XP level 5. HP: 36/36 MP: 11/11
  3756 | D:3      | Noticed Jessica
  3761 | D:3      | Killed Jessica
  3768 | D:3      | Found a shimmering blue altar of Sif Muna.
  3781 | D:3      | Became a worshipper of Sif Muna the Loreminder
  4685 | D:4      | Found Vischi's Book Shop.
  4898 | D:4      | Found Homuh's Armour Shoppe.
  4931 | D:5      | Entered Level 5 of the Dungeon
  5155 | D:5      | Noticed an ice beast
  5224 | D:5      | Killed an ice beast
  5225 | D:5      | Reached skill level 1 in Throwing
  5225 | D:5      | Reached skill level 1 in Ice Magic
  5225 | D:5      | Reached XP level 6. HP: 18/42 MP: 8/13
  5501 | D:5      | Reached skill level 5 in Spellcasting
  5638 | D:5      | You fall into a shaft and drop 3 floors!
  5730 | D:8      | Reached * piety under Sif Muna
  5731 | D:8      | Reached XP level 7. HP: 40/47 MP: 14/14
  6829 | D:8      | HP: 1/43 [wight/+1 halberd of freezing (4)]
  6831 | D:8      | Slain by a wight

Illustrated notes

Levels and vault maps discovered:
D:1:      minmay_arrival_stair_chambers, layout_rooms, st_stairs_4
D:2:      layout_rooms, grunt_temple_overflow_order_and_chaos_1, st_stairs_8,
          minmay_pentomino_u2
D:3:      layout_rooms, tgw_sif
D:4:      layout_layer_cave, serial_shops, shop, nicolae_shop_waterfront,
          nicolae_shop_statue_plus, shop, shop, kennysheep_donut
D:5:      layout_loops_ring, uniq_duvessa
D:7:      layout_basic
D:8:      layout_loops_cross, serial_ice, serial_ice_d, serial_ice_c,
          serial_ice_b, serial_ice_e, grunt_ministairs_7,
          chequers_serial_rivers_micro_e, wad_woods_river_04

Skill      XL: |  1  2  3  4  5  6  7 |
---------------+----------------------+-----
Short Blades   | 1 |  1.0
Long Blades    | 1 2 3 |  3.2
Stealth        | 2 |  2.4
Spellcasting   | 4 5 |  5.5
Invocations    | 1 |  1.9
Conjurations   | 2 |  2.9
Summonings     | 2 |  2.7
Throwing       | 1 |  1.6
Ice Magic      | 1 2 |  2.3
Dodging        | 3 |  3.0
Fighting       | |  0.6
Translocations | |  1.1

Action                   |  1- 3 |  4- 6 |  7- 9 || total
-------------------------+-------+-------+-------++-------
Melee: Dagger            |    45 |    72 |    46 ||   163
Throw: Javelin           |       |    45 |     2 ||    47
       Stone             |       |     2 |     2 ||     4
       Boomerang         |       |       |    16 ||    16
 Cast: Magic Dart        |    56 |    52 |     6 ||   114
       Call Imp          |     8 |    26 |    15 ||    49
Evoke: Wand              |       |       |     1 ||     1
  Use: Scroll            |     1 |     5 |     1 ||     7
       Potion            |       |     9 |     2 ||    11
Armor: Robe              |    10 |    22 |     9 ||    41
Dodge: Dodged            |    34 |   100 |    34 ||   168
